 Dungeon Sprint DCSS version 0.26-a0-662-g8b9c6dab81 (webtiles) character file.

Game seed: 1681699273215967353

2258621 olmar the Petrodigitator (level 22, 279/279 HPs)
             Began as a Deep Dwarf Earth Elementalist on Oct 8, 2020.
             Was an Initiate of Gozag.
             Escaped with the Orb
             ... and 3 runes on Oct 9, 2020!
             The game lasted 01:23:12 (36069 turns).

olmar the Petrodigitator (DDEE)                    Turns: 36069, Time: 01:23:13

Health: 279/279    AC: 22    Str: 15    XL:     22   Next: 67%
Magic:  45/53      EV: 34    Int: 41    God:    Gozag
Gold:   8920       SH: 17    Dex: 18    Spells: 36/75 levels left

rFire    + + +     SeeInvis .   N - staff of earth
rCold    + + .     Faith    .   F - +1 buckler {rC+ rF+}
rNeg     + + +     Spirit   .   D - +2 robe {rC+ rF+}
rPois    .         Reflect  +   G - +2 helmet of Tomorrow {*Contam +Inv Int+5}
rElec    +         Harm     .   H - +2 cloak {rCorr}
rCorr    +         Rampage  .   P - +1 pair of gloves {Str+3}
MR       ++++.     NoTele   +   g - +0 pair of boots {run}
Stlth    +++.......             X - amulet of Law {Reflect Int+4 Slay+3 SH+5}
HPRegen  0.00/turn              s - ring of Naridos {rElec MR+ Int+6 Dex+3}
MPRegen  0.33/turn              I - ring of Vathrag {rF+ rN+++ Dex+2 Slay+3 Stlth-}

@: gold aura, non-regenerating, studying 3 skills, quick
A: damage resistance, heal wounds, icy blue scales 1, high mp 1, negative energy
resistance 1, sense surroundings 3, robust 1, no regeneration
0: Orb of Zot
}: 3/3 runes: silver, golden, iron
a: Heal Wounds, Potion Petition, Call Merchant, Bribe Branch, Renounce Religion,
Evoke Invisibility


You escaped.
You worshipped Gozag.
Gozag was greatly pleased with you.
You visited 1 branch You collected 57390 gold pieces.
You spent 9975 gold pieces at shops.
You paid 38495 gold pieces to Gozag.

Inventory:

Missiles
 K - 34 stones (quivered)
Armour
 b - the cursed +0 helmet of Autotheism {Rampage rC+ rN+++ Int-3}
   (You bought it in a shop in the Dungeon)

   It affects your intelligence (-3).
   It protects you from cold.
   It renders you almost immune to negative energy.
   It bestows one free step when moving towards enemies.
   It has a curse placed upon it.
 g - a +0 pair of boots of running (worn)
 D - a +2 robe of resistance (worn)
 F - a +1 buckler of resistance (worn)
 G - the +2 helmet of Tomorrow (worn) {*Contam +Inv Int+5}
   (You bought it in a shop in the Dungeon)

   It affects your intelligence (+5).
   It lets you turn invisible.
   It causes magical contamination when unequipped.
 H - a +2 cloak of preservation (worn)
 P - a +1 pair of gloves of strength (worn)
Magical Staves
 N - an uncursed staff of earth (weapon)
Jewellery
 o - the ring "Gegheuzocu" {+Fly rC+++ Str+3 Int+2}
   (You found it in the Dungeon)

   [ring of flight]

   It affects your strength (+3).
   It affects your intelligence (+2).
   It renders you almost immune to cold.
   It lets you fly.
 s - the ring of Naridos (left hand) {rElec MR+ Int+6 Dex+3}
   (You bought it in a shop in the Dungeon)

   [ring of intelligence]

   It affects your intelligence (+6).
   It affects your dexterity (+3).
   It insulates you from electricity.
   It affects your resistance to hostile enchantments.
 A - the ring "Tacufahu" {rPois rC+ EV+4 Str-5 Dex+5}
   (You bought it in a shop in the Dungeon)

   [ring of evasion]

   It affects your evasion (+4).
   It affects your strength (-5).
   It affects your dexterity (+5).
   It protects you from cold.
   It protects you from poison.
 I - the ring of Vathrag (right hand) {rF+ rN+++ Dex+2 Slay+3 Stlth-}
   (You found it in the Dungeon)

   [ring of protection from fire]

   It affects your dexterity (+2).
   It affects your accuracy and damage with ranged weapons and melee attacks
   (+3).
   It protects you from fire.
   It renders you almost immune to negative energy.
   It makes you less stealthy.
 J - an uncursed ring of resist corrosion
 L - a +4 ring of protection
 Q - an uncursed ring of stealth
 X - the amulet of Law (around neck) {Reflect Int+4 Slay+3 SH+5}
   (You found it in the Dungeon)

   [amulet of reflection]

   It shields you and reflects attacks.
   It affects your intelligence (+4).
   It affects your accuracy and damage with ranged weapons and melee attacks
   (+3).
   It affects your SH (+5).
 Y - the ring "Bulet" {Dex+5 SInv Stlth+}
   (You found it in the Dungeon)

   [ring of see invisible]

   It affects your dexterity (+5).
   It lets you see invisible.
   It makes you more stealthy.
 Z - the ring "Heggong" {MR+ Int+6}
   (You took it off a deep elf blademaster in the Dungeon)

   [ring of intelligence]

   It affects your intelligence (+6).
   It affects your resistance to hostile enchantments.
Wands
 h - a wand of digging (9)
 q - a wand of polymorph (5)
 C - a wand of flame (11)
 W - a wand of acid (11)
Scrolls
 c - 7 scrolls of identify
 d - a scroll of magic mapping
 e - 2 scrolls of holy word
 i - a scroll of enchant weapon
 k - 11 scrolls of remove curse
 l - 4 scrolls of amnesia
 m - a scroll of summoning
 n - 2 scrolls of vulnerability
 p - 8 scrolls of fog
 B - a scroll of fear
 S - 5 scrolls of enchant armour
Potions
 a - 5 potions of might
 f - 6 potions of haste
 j - 2 potions of invisibility
 t - a potion of resistance
 u - 9 potions of stabbing
 v - 6 potions of mutation
 x - 4 potions of brilliance
 z - 2 potions of magic
 E - 2 potions of lignification
 R - a potion of flight
Books
 M - a manual of Slings
 U - a manual of Bows
 V - a manual of Long Blades
Miscellaneous
 r - a box of beasts (3/3)
 w - a condenser vane (2/2)
 y - the horn of Geryon
 O - a lightning rod (4/4)
 T - a phial of floods


   Skills:
 O Level 27 Fighting
 - Level 3.6 Bows
 O Level 27 Armour
 O Level 27 Dodging
 O Level 27 Stealth
 O Level 27 Shields
 O Level 27 Spellcasting
 O Level 27 Conjurations
 O Level 27 Necromancy
 + Level 25.6 Transmutations
 O Level 27 Earth Magic
 O Level 27 Evocations


You had 36 spell levels left.
You knew the following spells:

 Your Spells              Type           Power        Failure   Level
a - Sandblast             Erth           ######       0%          1
b - Lee's Rapid Deconstr  Erth           #########.   0%          5
c - Petrify               Tmut/Erth      ########     0%          4
d - Stone Arrow           Conj/Erth      ######       0%          3
e - Statue Form           Tmut/Erth      #########    0%          6
f - Shatter               Erth           #########.   1%          9
g - Borgnjor's Vile Clut  Necr/Erth      #########.   0%          5
h - Iron Shot             Conj/Erth      #########.   0%          6

Your spell library contained the following spells:

 Spells                   Type           Power        Failure   Level
 Animate Skeleton         Necr           ######       0%          1
 Foxfire                  Conj/Fire      ####         0%          1
 Magic Dart               Conj           ####         0%          1
 Pain                     Necr           ####         0%          1
 Shock                    Conj/Air       ####         0%          1
 Sting                    Tmut/Pois      ####         0%          1
 Corpse Rot               Necr/Air       N/A          0%          2
 Passwall                 Tmut/Erth      ########     0%          2
 Searing Ray              Conj           ######       0%          2
 Sublimation of Blood     Necr           ########..   0%          2
 Conjure Flame            Conj/Fire      ########     0%          3
 Dazzling Flash           Conj/Hex       ######       0%          3
 Spider Form              Tmut/Pois      ########..   0%          3
 Static Discharge         Conj/Air       ########     0%          3
 Vampiric Draining        Necr           ########..   0%          3
 Animate Dead             Necr           ########..   0%          4
 Dispel Undead            Necr           ########     0%          4
 Fulminant Prism          Conj/Hex       ########..   0%          4
 Iskenderun's Mystic Bla  Conj/Tloc      ########     0%          4
 Leda's Liquefaction      Hex/Erth       ########..   0%          4
 Sticky Flame             Conj/Fire      ########     0%          4
 Agony                    Necr           ########     0%          5
 Bolt of Magma            Conj/Fire/Erth ########..   0%          5
 Excruciating Wounds      Necr           ########..   0%          5
 Apportation              Tloc           ######       1%          1
 Corona                   Hex            ######.      1%          1
 Summon Small Mammal      Summ           ####         1%          1
 Blink                    Tloc           N/A          1%          2
 Poisonous Vapours        Pois/Air       ######       1%          2
 Swiftness                Air            ######..     1%          2
 Gell's Gravitas          Tloc           ######....   1%          3
 Ignite Poison            Fire/Tmut/Pois #######.     1%          3
 Inner Flame              Hex/Fire       ######..     1%          3
 Lesser Beckoning         Tloc           ######....   1%          3
 Mephitic Cloud           Conj/Pois/Air  #######.     1%          3
 Portal Projectile        Hex/Tloc       ######       1%          3
 Teleport Other           Tloc           ######..     1%          3
 Alistair's Intoxication  Tmut/Pois      ########.    1%          5
 Fireball                 Conj/Fire      ########..   1%          5
 Lightning Bolt           Conj/Air       ########..   1%          5
 Yara's Violent Unravell  Hex/Tmut       ########..   1%          5
 Conjure Ball Lightning   Conj/Air       ########..   1%          6
 Haunt                    Necr/Summ      ########..   1%          7
 Spellforged Servitor     Conj/Summ      ########..   1%          7
 Borgnjor's Revivificati  Necr           ########..   1%          8
 Infestation              Necr           ########..   1%          8
 Necromutation            Tmut/Necr      ########..   1%          8
 Death's Door             Necr           ########..   1%          9
 Airstrike                Air            ######....   2%          4
 Cause Fear               Hex            ######....   2%          4
 Passage of Golubria      Tloc           N/A          2%          4
 Summon Lightning Spire   Summ/Air       ######..     2%          4
 Silence                  Hex/Air        ######....   8%          5
 Dispersal                Tloc           ######....   41%         6
 Invisibility             Hex            ######..     41%         6
 Shadow Creatures         Summ           N/A          41%         6
 Malign Gateway           Summ/Tloc      ######....   94%         7
 Monstrous Menagerie      Summ           ######....   94%         7
 Summon Greater Demon     Summ           ######....   94%         7
 Discord                  Hex            ######....   100%        8
 Disjunction              Tloc           ######....   100%        8
 Ignition                 Fire           ######....   100%        8
 Summon Horrible Things   Summ           ######....   100%        8
 Tornado                  Air            ######....   100%        9


Dungeon Overview and Level Annotations

Branches:
Dungeon (1/1)

Altars:
Ashenzari
Cheibriados
Dithmenos
Elyvilon
Fedhas
Gozag
Hepliaklqana
Kikubaaqudgha
Makhleb
Nemelex Xobeh
Okawaru
Qazlal
Ru
Sif Muna
Trog
Uskayaw
Vehumet
Wu Jian
Xom
Yredelemnul
Zin
The Shining One
Beogh
Jiyva
Lugonu

Shops:
D *=[[=[!:[}[[[*[::*


Innate Abilities, Weirdness & Mutations

You are resistant to damage.
You can heal yourself by infusing magical energy.
You resist negative energy. (rN+)
You passively map a large area around you.
You do not regenerate.
You are partially covered in icy blue scales. (AC +2)
You have an increased reservoir of magic. (+10% MP)
You are robust. (+10% HP)


Message History

Aim: a chaos spawn You feel a surge of power!
Zombie hands grab the chaos spawn.
The zombie hands constrict the chaos spawn.
Casting: Borgnjor's Vile Clutch (safe; 0% risk of failure)
Confirm with . or Enter, or press ? or * to list all spells.
Aiming: Iron Shot (safe; 0% risk of failure)
Press: ? - help, Shift-Dir - straight line, f/p - chaos spawn
Aim: a chaos spawn (lightly wounded, constricted by zombie hands)
You feel a surge of power!
The iron shot hits the chaos spawn!!!!
You kill the chaos spawn!
The chaos spawn degenerates into a cloud of primal chaos!
You feel yourself slow down.
You see here a +3 whip.
Things that are here:
a +0 robe; a +0 dagger You see here a +0 dagger.
There is a staircase leading out of the dungeon here.
You can't go down here!
You have escaped!

####..##....[..=.............''..
..[.......)).∩∩......∩.[.....'[[.
...#.##...#........#.[.......##..
.[#...#.#.[#.....[.).[)......##..
#[#...#.#))##.##.#.###..#..######
#.#...'.#.)##.......##.$.########
#.##.####))##.......##......'..'.
#.#.....#..##.......##......'..'.
#[#.....#.###...@...##[....##..##
#.#........##.......##...###....#
#.#........##.......##.)##.......
#'###########.......##''#...#..#.
#.......#.[###########...........
#.###...#.############''#...#..#.
#.#.....#.#....#..[[##..##(......
#.#...#.#)#....#....##...###....#
#.....#.#.'....'..))##.....##..##


There were no monsters in sight!

Vanquished Creatures
  Cerebov (D)
  Asmodeus (D)
  Dissolution (D)
  Ignacio (D)
  Tiamat (D)
  4 orbs of fire (D)
  Mara (D)
  7 ancient liches (D)
  Mennas (D)
  2 greater mummies (D)
  2 Killer Klowns (D)
  2 pandemonium lords (D)
  Boris (D)
  the Lernaean hydra (D)
  Frederick (D)
  Xtahua (D)
  2 curse toes (D)
  Margery (D)
  Geryon (D)
  3 golden dragons (D)
  Nikola (D)
  2 profane servitors (D)
  Arachne (D)
  4 pearl dragons (D)
  3 Brimstone Fiends (D)
  Jory (D)
  7 bone dragons (D)
  A Tzitzimitl (D)
  3 electric golems (D)
  3 hellephants (D)
  10 liches (D)
  7 Ice Fiends (D)
  3 Hell Sentinels (D)
  26 Orb Guardians (D)
  2 titans (D)
  4 deep elf blademasters (D)
  3 deep elf master archers (D)
  2 Executioners (D)
  2 acid blobs (D)
  4 sphinxes (D)
  2 shadow dragons (D)
  3 storm dragons (D)
  3 nagarajas (D)
  A daeva (D)
  A deep elf sorcerer (D)
  2 balrugs (D)
  5 draconian knights (D)
  3 frost giants (D)
  4 orc warlords (D)
  An angel (D)
  4 azure jellies (D)
  A ghost moth (D)
  6 iron dragons (D)
  2 emperor scorpions (D)
  3 cacodemons (D)
  2 spriggan defenders (D)
  Louise (D)
  3 ghouls (D)
  2 reapers (D)
  3 war gargoyles (D)
  2 draconian annihilators (D)
  A stone giant (D)
  5 green draconians (D)
  4 vampire knights (D)
  Azrael (D)
  4 black draconians (D)
  A deep elf demonologist (D)
  An apis (D)
  3 red draconians (D)
  2 white draconians (D)
  A deep elf annihilator (D)
  A yellow draconian (D)
  2 minotaurs (D)
  2 lorocyprocas (D)
  3 purple draconians (D)
  5 dire elephants (D)
  2 green deaths (D)
  A deep elf death mage (D)
  4 fire dragons (D)
  2 blizzard demons (D)
  6 mummy priests (D)
  An eidolon (D)
  3 yaktaur captains (D)
  2 ogre magi (D)
  4 deep elf high priests (D)
  A death ooze (D)
  Erolcha (D)
  A great orb of eyes (D)
  4 hell beasts (D)
  4 vault guards (D)
  2 ice dragons (D)
  A naga warrior (D)
  4 hydras (D)
  5 catoblepae (D)
  A centaur warrior (D)
  A spriggan air mage (D)
  A two-headed ogre (D)
  Erica (D)
  An alligator snapping turtle (D)
  A merfolk avatar (D)
  2 death knights (D)
  2 vampire magi (D)
  An iron elemental (D)
  A spriggan berserker (D)
  A deep elf knight (D)
  A fire crab (D)
  2 soul eaters (D)
  2 iron trolls (D)
  3 hell knights (D)
  3 skeletal warriors (D)
  9 swamp dragons (D)
  2 sea snakes (D)
  A spriggan druid (D)
  13 orc knights (D)
  8 lindwurms (D)
  A necromancer (D)
  3 orc sorcerers (D)
  A wolf spider (D)
  2 ugly things (D)
  A cyclops (D)
  A deep elf mage (D)
  3 guardian serpents (D)
  Maurice (D)
  A black mamba (D)
  2 smoke demons (D)
  A gargoyle (D)
  2 eyes of devastation (D)
  An orange demon (D)
  A hellion (D)
  A rust devil (D)
  8 komodo dragons (D)
  4 tormentors (D)
  2 demonic crawlers (D)
  5 rime drakes (D)
  8 guardian mummies (D)
  A hellwing (D)
  An ice devil (D)
  2 trolls (D)
  A meliai (shapeshifter) (D)
  A jumping spider (D)
  A hornet (D)
  A wind drake (D)
  4 blink frogs (D)
  A merfolk (D)
  2 bog bodies (D)
  An air elemental (D)
  A spriggan (D)
  A flying skull (D)
  A wraith (D)
  A ynoxinul (D)
  6 yaks (D)
  3 basilisks (D)
  8 wyverns (D)
  2 chaos spawn (D)
  4 golden eyes (D)
  7 fire elementals (D)
  4 vampire mosquitoes (D)
  A steam dragon (D)
  6 wargs (D)
  6 acid dragons (D)
  2 nagas (D)
  7 insubstantial wisps (D)
  3 soldier ants (D)
  A water moccasin (D)
  A hell hound (D)
  7 orc warriors (D)
  6 swamp drakes (D)
  A sky beast (D)
  An eye of draining (shapeshifter) (D)
  An ogre (D)
  2 bullfrogs (D)
  An earth elemental (D)
  A small abomination (D)
  10 killer bees (D)
  A quasit (D)
  An iron imp (D)
  4 orc priests (D)
  Ijyb (D)
  5 orc wizards (D)
  A hell rat (D)
  A white imp (D)
  3 ufetubi (D)
  An ooze (D)
  2 adder zombies (D)
  5 adder skeletons (D)
  2 adder simulacra (D)
  2 leopard geckos (D)
  19 orcs (D)
  9 bat skeletons (D)
  3 hobgoblins (D)
  2 jackals (D)
  A ball python (D)
  A ball python simulacrum (D)
  9 bat simulacra (D)
  A frilled lizard (D)
  2 giant cockroach zombies (D)
  3 jackal simulacra (D)
  A jackal skeleton (D)
  3 jackal zombies (D)
  A leopard gecko simulacrum (D)
  2 leopard gecko skeletons (D)
  2 leopard gecko zombies (D)
  A quokka zombie (D)
  3 rats (D)
571 creatures vanquished.

Vanquished Creatures (collateral kills)
  A tentacled monstrosity (D)
  2 vampire knights (D)
3 creatures vanquished.

Vanquished Creatures (others)
  A ghoul (D)
  2 dancing weapons (D)
3 creatures vanquished.

Grand Total: 577 creatures vanquished

Notes
Turn   | Place    | Note
-------+----------+-------------------------------------------
     0 | D        | olmar the Deep Dwarf Earth Elementalist began the quest for
                  | the Orb.
     0 | D        | Reached XP level 1. HP: 15/15 MP: 3/3
    38 | D        | Found a glowing golden altar of the Shining One.
    38 | D        | Found a glowing silver altar of Zin.
    38 | D        | Found a basalt altar of Yredelemnul.
    38 | D        | Found a shimmering altar of Xom.
    38 | D        | Found an ornate altar of the Wu Jian Council.
    38 | D        | Found a bloodstained altar of Trog.
    38 | D        | Found a shimmering blue altar of Sif Muna.
    38 | D        | Found a sacrificial altar of Ru.
    38 | D        | Found a stormy altar of Qazlal.
    38 | D        | Found an iron altar of Okawaru.
    38 | D        | Found a sparkling altar of Nemelex Xobeh.
    38 | D        | Found a burning altar of Makhleb.
    38 | D        | Found a viscous altar of Jiyva.
    38 | D        | Found a hazy altar of Hepliaklqana.
    38 | D        | Found an opulent altar of Gozag.
    38 | D        | Found a blossoming altar of Fedhas.
    38 | D        | Found a white marble altar of Elyvilon.
    38 | D        | Found a shadowy altar of Dithmenos.
    38 | D        | Found a snail-covered altar of Cheibriados.
    40 | D        | Found a corrupted altar of Lugonu.
    40 | D        | Found a radiant altar of Vehumet.
    40 | D        | Found a roughly hewn altar of Beogh.
    41 | D        | Found an ancient bone altar of Kikubaaqudgha.
    41 | D        | Found a hide-covered altar of Uskayaw.
    41 | D        | Found a broken altar of Ashenzari.
    43 | D        | Became a worshipper of Gozag Ym Sagoz the Greedy
    52 | D        | Reached skill level 5 in Earth Magic
   195 | D        | Reached XP level 2. HP: 22/22 MP: 1/5
   241 | D        | Learned a level 2 spell: Passwall
   255 | D        | Noticed a water moccasin
   267 | D        | Killed a water moccasin
   267 | D        | Reached XP level 3. HP: 17/28 MP: 5/9
   267 | D        | Reached XP level 4. HP: 22/36 MP: 5/10
   344 | D        | Learned a level 4 spell: Petrify
   349 | D        | Learned a level 3 spell: Stone Arrow
   358 | D        | Noticed a warg
   534 | D        | Reached XP level 5. HP: 41/42 MP: 4/12
   601 | D        | Learned a level 5 spell: Lee's Rapid Deconstruction
   799 | D        | Reached skill level 5 in Spellcasting
   850 | D        | Killed a warg
   850 | D        | Reached skill level 1 in Conjurations
  1063 | D        | Noticed a flying skull
  1064 | D        | Killed a flying skull
  1064 | D        | Reached XP level 6. HP: 44/49 MP: 8/16
  1254 | D        | Noticed a wyvern
  1255 | D        | Killed a wyvern
  1255 | D        | Reached XP level 7. HP: 50/55 MP: 11/18
  1299 | D        | Noticed Ijyb
  1300 | D        | Killed Ijyb
  1374 | D        | Noticed a wraith
  1376 | D        | Reached skill level 15 in Earth Magic
  1383 | D        | Killed a wraith
  1386 | D        | Noticed a lindwurm
  1413 | D        | Found the +5 scythe "Finisher" {speed, eviscerate}
  1534 | D        | Killed a lindwurm
  1534 | D        | Reached skill level 10 in Spellcasting
  1534 | D        | Reached XP level 8. HP: 18/62 MP: 1/22
  1699 | D        | Noticed a sea snake
  1703 | D        | Killed a sea snake
  1705 | D        | Gained mutation: You passively map the area around you.
                  | [Deep Dwarf growth]
  1705 | D        | Reached XP level 9. HP: 68/68 MP: 2/24
  1835 | D        | Noticed a merfolk
  1836 | D        | Killed a merfolk
  1841 | D        | Noticed a hellwing
  1847 | D        | Killed a hellwing
  1883 | D        | Noticed Maurice
  1892 | D        | Killed Maurice
  1925 | D        | Noticed a troll
  2056 | D        | Killed a troll
  2061 | D        | Reached XP level 10. HP: 56/75 MP: 11/27
  2317 | D        | Bought an ichor-stained robe for 165 gold pieces
  2317 | D        | Bought a potion of curing for 87 gold pieces
  2327 | D        | Identified the +1 robe of the Iron City of Dis {rF+ rC-
                  | Regen+} (You bought it in a shop in the Dungeon)
  2730 | D        | Bought the ring "Tacufahu" {rPois rC+ EV+4 Str-5 Dex+5} for
                  | 921 gold pieces
  3051 | D        | Noticed a wolf spider
  3056 | D        | Killed a wolf spider
  3409 | D        | Noticed a lindwurm
  3411 | D        | Killed a lindwurm
  3413 | D        | Noticed a green draconian
  3420 | D        | Killed a green draconian
  3420 | D        | Reached skill level 15 in Spellcasting
  3711 | D        | Bought the ring of Naridos {rElec MR+ Int+6 Dex+3} for 1434
                  | gold pieces
  3743 | D        | Noticed an orc knight
  3743 | D        | Noticed an orc sorcerer
  3743 | D        | Noticed a black mamba
  3747 | D        | Reached XP level 11. HP: 69/81 MP: 24/30
  3752 | D        | Killed an orc sorcerer
  3753 | D        | Killed an orc knight
  3754 | D        | Noticed Erica
  3758 | D        | Killed Erica
  4521 | D        | Noticed a swamp dragon
  4523 | D        | Killed a swamp dragon
  4769 | D        | Bought a pair of runed boots for 232 gold pieces
  4769 | D        | Bought a runed buckler for 232 gold pieces
  4791 | D        | Noticed an emperor scorpion
  4795 | D        | Killed an emperor scorpion
  5600 | D        | Noticed a fire crab
  5611 | D        | Killed a fire crab
  6075 | D        | Noticed a great orb of eyes
  6079 | D        | Killed a great orb of eyes
  6206 | D        | Noticed a sea snake
  6206 | D        | Noticed a deep elf mage
  6209 | D        | Killed a sea snake
  6209 | D        | Reached XP level 12. HP: 80/88 MP: 22/33
  6310 | D        | Bought a spiked helmet for 209 gold pieces
  6310 | D        | Bought an embroidered cloak for 165 gold pieces
  6310 | D        | Bought a glowing helmet for 165 gold pieces
  6318 | D        | Identified the +2 helmet of Tomorrow {*Contam +Inv Int+5}
                  | (You bought it in a shop in the Dungeon)
  6447 | D        | Noticed a centaur warrior
  6447 | D        | Noticed an orc warlord
  6447 | D        | Noticed an orc warlord
  6461 | D        | Killed a centaur warrior
  6463 | D        | Killed an orc warlord
  7187 | D        | Noticed Arachne
  7193 | D        | Killed Arachne
  7551 | D        | Killed an orc warlord
  7551 | D        | Reached skill level 27 in Earth Magic
  7934 | D        | Reached XP level 13. HP: 86/94 MP: 21/36
  8000 | D        | Noticed an orc warlord
  8039 | D        | an orc warlord changed into a catoblepas
  8123 | D        | Reached skill level 1 in Evocations
  8366 | D        | Bought a +0 pair of boots of running for 441 gold pieces
  8663 | D        | Noticed an emperor scorpion
  8895 | D        | Noticed a yellow draconian
  8901 | D        | Killed a yellow draconian
  8997 | D        | Killed an emperor scorpion
  9335 | D        | Noticed a lich
  9337 | D        | Killed a lich
  9337 | D        | Noticed a purple draconian knight
  9339 | D        | Noticed a war gargoyle
  9340 | D        | Killed a war gargoyle
  9344 | D        | Noticed a black draconian knight
  9790 | D        | Noticed a red draconian knight
  9792 | D        | Killed a red draconian knight
  9857 | D        | Noticed Margery
  9862 | D        | Killed Margery
  9862 | D        | Reached skill level 1 in Fighting
  9862 | D        | Gained mutation: You resist negative energy. (rN+) [Deep
                  | Dwarf growth]
  9862 | D        | Reached XP level 14. HP: 66/105 MP: 1/41
 10024 | D        | Noticed a lich
 10029 | D        | Killed a lich
 10444 | D        | Noticed a sphinx
 10446 | D        | Killed a sphinx
 10721 | D        | Noticed a green draconian knight
 10728 | D        | Killed a black draconian knight
 10731 | D        | Killed a green draconian knight
 10971 | D        | Killed a purple draconian knight
 11325 | D        | Noticed a sphinx
 11327 | D        | Killed a sphinx
 11329 | D        | Killed a ghostly sphinx
 11342 | D        | Noticed a nagaraja
 11345 | D        | Killed a nagaraja
 11368 | D        | Noticed a lich
 11370 | D        | Killed a lich
 11843 | D        | Got the ring of Tanwy {rPois Int+6 Stlth-}
 11845 | D        | Got the ring "Gugumog" {MR+ Str+4 SInv}
 11847 | D        | Got the ring "Famomm" {Dex+5 SInv}
 11849 | D        | Got the ring "Umihut" {rElec rF- rC+ Int+4}
 11851 | D        | Got the ring "Muesuph" {*Contam rPois rC+ MR++ Int+6}
 11853 | D        | Got the ring of Kurirumae {+Fly rElec rPois Int+6 Dex-3}
 11855 | D        | Got the ring of Giwunnadd {rElec rPois rN+ Int+3}
 11857 | D        | Got the ring of Qalunkom {rF+ Dex+3 SInv}
 11859 | D        | Got the ring "Laerch" {rElec MR+++ Str+6 Int-5 Dex+4}
 11861 | D        | Got the ring of Zeqesif {MR+ Str-3 Dex+3 SInv}
 11863 | D        | Got the ring "Vour Ydgho" {Ice Dex+5}
 11865 | D        | Got the ring of the Moon {rF+ Int-3 Dex+4 Slay+5}
 11867 | D        | Got the ring of Anarchy {Ice rPois}
 11872 | D        | Got the ring of Viraxt {rPois rF- rN+ Str+4 Slay+3}
 11890 | D        | Got Ymyuhigi's Tome of the Entourage and Sinister Rituals
 11897 | D        | Got Irus's Disquisition on Flight
 11922 | D        | Got the Collected Works on Cankerous Dislocation
 11940 | D        | Got the ring "Noumatti" {rElec Slay+5}
 11942 | D        | Got the amulet of the Turtle {Reflect rPois Str+9 Slay-3
                  | SH+5}
 11944 | D        | Got the ring of Tulips {rElec Int+3 Slay+5}
 11946 | D        | Got the amulet of Giffil {+Blink rN+ Regen+ Str-4 Dex+4}
 12133 | D        | Got the amulet of Divine Intervention {rPois Regen+}
 12141 | D        | Got the ring "Gegheuzocu" {+Fly rC+++ Str+3 Int+2}
 12143 | D        | Got the amulet of Peace {Inacc rC- MR+ Int+3 SInv}
 12151 | D        | Got the ring of Otaerph {rPois rF+ Str+3 Slay+5}
 12153 | D        | Got the ring "Ceowesuw" {rN+ Slay+5}
 12155 | D        | Got the ring "Qairr" {rElec rF+ Str-5 Dex+6}
 12157 | D        | Got the ring "Akhligudgh" {Ice Int+4 Dex+2}
 12159 | D        | Got the ring of Vathrag {rF+ rN+++ Dex+2 Slay+3 Stlth-}
 12161 | D        | Got the ring of Nisool {rElec Dex+6}
 12164 | D        | Got the ring "Ydesung" {Str+6 Stlth+}
 12393 | D        | Noticed Azrael
 12394 | D        | Found the +8 mithril axe "Arga" {speed, MR+}
 12396 | D        | Killed Azrael
 12698 | D        | Learned a level 6 spell: Statue Form
 12895 | D        | Noticed an iron dragon
 12898 | D        | Killed an iron dragon
 12925 | D        | Reached skill level 27 in Spellcasting
 12943 | D        | Reached skill level 5 in Dodging
 12944 | D        | Reached XP level 15. HP: 53/111 MP: 15/46
 12946 | D        | Noticed Erolcha
 12948 | D        | Killed Erolcha
 13618 | D        | Reached skill level 10 in Dodging
 13618 | D        | Reached skill level 5 in Shields
 13660 | D        | Bought a +1 pair of gloves of strength for 247 gold pieces
 13939 | D        | Learned a level 9 spell: Shatter
 14409 | D        | Noticed a frost giant
 14413 | D        | Killed a frost giant
 14498 | D        | Noticed a nagaraja
 14500 | D        | Killed a nagaraja
 14561 | D        | Reached skill level 15 in Dodging
 14679 | D        | Noticed an azure jelly
 14684 | D        | Killed an azure jelly
 15495 | D        | Noticed a deep elf sorcerer
 15497 | D        | Killed a deep elf sorcerer
 15513 | D        | Noticed an iron dragon
 15526 | D        | Killed an iron dragon
 15526 | D        | Reached skill level 10 in Shields
 15723 | D        | Noticed a frost giant
 15732 | D        | Killed a frost giant
 15982 | D        | Noticed a deep elf master archer
 15984 | D        | Killed a deep elf master archer
 16718 | D        | Noticed a golden dragon
 16720 | D        | Reached XP level 16. HP: 97/118 MP: 37/47
 16721 | D        | Reached skill level 15 in Shields
 16723 | D        | Killed a golden dragon
 16936 | D        | Got the Compendium of Dislocated Air
 16952 | D        | Got the Incunabulum of Mutagenic Earth
 16992 | D        | Got a silver rune of Zot
 17168 | D        | Noticed a sphinx
 17171 | D        | Killed a sphinx
 17468 | D        | Noticed a lich
 17473 | D        | Killed a lich
 17479 | D        | Noticed a bone dragon
 17507 | D        | Killed a bone dragon
 17976 | D        | Identified the +7 executioner's axe of the Warrior {vorpal,
                  | rElec}
 18105 | D        | Noticed a storm dragon
 18108 | D        | Killed a storm dragon
 18553 | D        | Identified the +7 great mace "Qenanalulo" {flame, rElec}
 18553 | D        | Identified the ring of Azit Kun {Wiz rC+}
 18555 | D        | Reached skill level 27 in Dodging
 18593 | D        | Noticed a deep elf blademaster
 18598 | D        | Killed a deep elf blademaster
 18599 | D        | Noticed an Executioner
 18607 | D        | Killed an Executioner
 18793 | D        | Noticed Xtahua
 18796 | D        | Killed Xtahua
 18797 | D        | Reached XP level 17. HP: 120/124 MP: 27/48
 19054 | D        | Identified the ring of Paw Lump {rF+ MR+}
 19054 | D        | Noticed a deep elf blademaster
 19063 | D        | Identified the +7 lajatang of Discretion {venom, Int+5}
 19066 | D        | Identified the ring "Ituaso" {+Blink AC+4}
 19066 | D        | Noticed Frederick
 19108 | D        | Killed a deep elf blademaster
 19487 | D        | Killed Frederick
 19940 | D        | Identified the ring "Heggong" {MR+ Int+6}
 19940 | D        | Noticed a deep elf blademaster
 19942 | D        | Killed a deep elf blademaster
 20083 | D        | Noticed a curse toe
 20085 | D        | Killed a curse toe
 20402 | D        | Noticed a golden dragon
 20407 | D        | Killed a golden dragon
 20411 | D        | Noticed a lich
 20413 | D        | Killed a lich
 20520 | D        | Noticed a hellephant
 20534 | D        | Killed a hellephant
 20545 | D        | Reached skill level 27 in Shields
 20814 | D        | Identified the +7 demon whip of Eternal Vigilance {flame,
                  | rElec}
 20814 | D        | Identified the amulet "Kuletarut" {Spirit rC- MR- Int+8
                  | Dex+3}
 20816 | D        | Reached skill level 5 in Conjurations
 20880 | D        | Identified the amulet of Doubts {Faith rC+}
 20884 | D        | Reached skill level 5 in Fighting
 21017 | D        | Identified the ring "Icaynin" {rPois Int+2}
 21283 | D        | Noticed a profane servitor
 21286 | D        | Killed a profane servitor
 21434 | D        | Noticed a deep elf blademaster
 21436 | D        | Killed a deep elf blademaster
 21436 | D        | Reached skill level 10 in Conjurations
 21442 | D        | Reached skill level 10 in Fighting
 21716 | D        | Noticed an Orb Guardian
 21716 | D        | Noticed an Orb Guardian
 21716 | D        | Noticed an Orb Guardian
 21718 | D        | Killed an Orb Guardian
 21718 | D        | Killed an Orb Guardian
 21718 | D        | Noticed an acid blob
 21719 | D        | Killed an Orb Guardian
 21719 | D        | Noticed a profane servitor
 21720 | D        | Noticed an Orb Guardian
 21721 | D        | Killed an Orb Guardian
 21721 | D        | Gained mutation: You passively map a large area around you.
                  | [Deep Dwarf growth]
 21721 | D        | Reached XP level 18. HP: 161/175 MP: 8/49
 21721 | D        | Noticed a Killer Klown
 21721 | D        | Noticed Jory
 21722 | D        | Noticed an Orb Guardian
 21724 | D        | Killed an Orb Guardian
 21724 | D        | Reached skill level 15 in Conjurations
 21724 | D        | Reached skill level 15 in Fighting
 21724 | D        | Killed Jory
 21726 | D        | Noticed a tentacled monstrosity
 21727 | D        | Killed a profane servitor
 21759 | D        | Killed a Killer Klown
 21761 | D        | Killed a tentacled monstrosity
 22063 | D        | Noticed an Orb Guardian
 22070 | D        | Killed an Orb Guardian
 22136 | D        | Noticed an Orb Guardian
 22183 | D        | Identified the ring "Fuqubboj" {*Drain Dex+6 Slay+4}
 22311 | D        | Killed an Orb Guardian
 22643 | D        | Noticed an Orb Guardian
 22643 | D        | Noticed an Orb Guardian
 22643 | D        | Noticed an Orb Guardian
 22644 | D        | Killed an Orb Guardian
 22645 | D        | Killed an Orb Guardian
 22646 | D        | Killed an Orb Guardian
 22652 | D        | Noticed an orb of fire
 22654 | D        | Noticed Mara
 22655 | D        | Gained mutation: You can translocate small distances at
                  | will. [an orb of fire]
 22656 | D        | Gained mutation: You are frail. (-10% HP) [an orb of fire]
 22656 | D        | Noticed an ancient lich
 22657 | D        | Killed an orb of fire
 22658 | D        | Noticed an ancient lich
 22661 | D        | Noticed olmar's illusion
 22663 | D        | Killed an ancient lich
 22663 | D        | Killed Mara
 22663 | D        | Killed an ancient lich
 22664 | D        | Killed an Orb Guardian
 22664 | D        | Noticed an Orb Guardian
 22664 | D        | Noticed the 27-headed Lernaean hydra
 22669 | D        | Noticed an Ice Fiend
 22671 | D        | Killed the 27-headed Lernaean hydra
 22671 | D        | Reached XP level 19. HP: 187/189 MP: 8/50
 22784 | D        | Noticed a Tzitzimitl
 22789 | D        | Killed a Tzitzimitl
 22825 | D        | Noticed Mennas
 22828 | D        | Killed Mennas
 22830 | D        | Noticed an electric golem
 22840 | D        | Killed an electric golem
 23055 | D        | Noticed a pearl dragon
 23061 | D        | Killed a pearl dragon
 23170 | D        | Noticed Ignacio
 23176 | D        | Killed Ignacio
 23499 | D        | Noticed Nikola
 23579 | D        | Noticed an ancient lich
 23584 | D        | Killed an ancient lich
 23584 | D        | Reached skill level 27 in Fighting
 24018 | D        | Killed Nikola
 24090 | D        | Noticed a hellephant
 24097 | D        | Killed a hellephant
 24151 | D        | Noticed a golden dragon
 24154 | D        | Killed a golden dragon
 24295 | D        | Identified the +6 sword of Cerebov {flame}
 24295 | D        | Noticed Cerebov
 24329 | D        | Killed Cerebov
 24329 | D        | Reached skill level 27 in Conjurations
 24329 | D        | Reached skill level 10 in Armour
 24623 | D        | Got the Disquisition on the Rocks and Toxins
 24694 | D        | Noticed Dissolution
 24706 | D        | Killed Dissolution
 24706 | D        | Reached XP level 20. HP: 212/212 MP: 18/51
 24788 | D        | Noticed an orb of fire
 24793 | D        | Killed an orb of fire
 25119 | D        | Learned a level 5 spell: Borgnjor's Vile Clutch
 25408 | D        | Noticed a pearl dragon
 25410 | D        | Killed a pearl dragon
 25868 | D        | Noticed a curse toe
 25870 | D        | Noticed a Killer Klown
 25870 | D        | Killed a Killer Klown
 25872 | D        | Killed a curse toe
 25872 | D        | Noticed Louise
 25874 | D        | Killed Louise
 26210 | D        | Bought a potion of curing for 42 gold pieces
 26210 | D        | Bought a scroll of holy word for 105 gold pieces
 26210 | D        | Bought a scroll of holy word for 105 gold pieces
 26223 | D        | Lost mutation: You are frail. (-10% HP) [potion of
                  | mutation]
 26223 | D        | Gained mutation: You tend to lose your temper in combat.
                  | [potion of mutation]
 26223 | D        | Gained mutation: You have an increased reservoir of magic.
                  | (+10% MP) [potion of mutation]
 26225 | D        | Lost mutation: You tend to lose your temper in combat.
                  | [potion of mutation]
 26225 | D        | Lost mutation: You can translocate small distances at will.
                  | [potion of mutation]
 26225 | D        | Gained mutation: You are robust. (+10% HP) [potion of
                  | mutation]
 26225 | D        | Gained mutation: You are partially covered in icy blue
                  | scales. (AC +2) [potion of mutation]
 26238 | D        | Bought a Necronomicon for 2097 gold pieces
 26388 | D        | Noticed a pearl dragon
 26391 | D        | Killed a pearl dragon
 26391 | D        | Reached skill level 27 in Armour
 26556 | D        | Identified the +7 sceptre of Asmodeus
 26556 | D        | Noticed Asmodeus
 26563 | D        | Reached skill level 10 in Necromancy
 26569 | D        | Reached skill level 15 in Necromancy
 26580 | D        | Killed Asmodeus
 26631 | D        | Noticed Ecse the pandemonium lord
 26639 | D        | Killed Ecse the pandemonium lord
 26782 | D        | Noticed an orb of fire
 26787 | D        | Killed an orb of fire
 26823 | D        | Identified the +4 dragonskin cloak
 26823 | D        | Noticed Tiamat
 26848 | D        | Upgraded the game from 0.26-a0-661-g406de6ba63 to
                  | 0.26-a0-662-g8b9c6dab81
 27107 | D        | Killed Tiamat
 27107 | D        | Reached XP level 21. HP: 104/268 MP: 2/57
 27457 | D        | Bought a potion of haste for 190 gold pieces
 27457 | D        | Bought a potion of curing for 57 gold pieces
 27457 | D        | Bought a potion of curing for 57 gold pieces
 27457 | D        | Bought a potion of invisibility for 152 gold pieces
 27457 | D        | Bought a potion of heal wounds for 95 gold pieces
 27457 | D        | Bought a potion of curing for 57 gold pieces
 27457 | D        | Bought a potion of brilliance for 76 gold pieces
 27457 | D        | Bought 2 potions of lignification for 114 gold pieces
 27457 | D        | Bought a potion of mutation for 152 gold pieces
 27457 | D        | Bought a potion of curing for 57 gold pieces
 27571 | D        | Reached skill level 15 in Evocations
 27579 | D        | Learned a level 6 spell: Iron Shot
 27641 | D        | Noticed Boris
 27642 | D        | Killed Boris
 27853 | D        | Noticed Geryon
 27860 | D        | Killed Geryon
 29020 | D        | Bought a faintly glowing helmet for 361 gold pieces
 29020 | D        | Identified the cursed +0 helmet of Autotheism {Rampage rC+
                  | rN+++ Int-3} (You bought it in a shop in the Dungeon)
 29124 | D        | Bought a scroll of magic mapping for 66 gold pieces
 29124 | D        | Bought a potion of magic for 152 gold pieces
 29124 | D        | Bought 2 potions of curing for 114 gold pieces
 29124 | D        | Bought a scroll of identify for 38 gold pieces
 29248 | D        | Noticed an ancient lich
 29256 | D        | Killed an ancient lich
 29256 | D        | Reached skill level 27 in Evocations
 29723 | D        | Reached skill level 27 in Necromancy
 29756 | D        | Noticed a greater mummy
 29760 | D        | Killed a greater mummy
 29877 | D        | Reached skill level 15 in Stealth
 29951 | D        | Bought a wand of acid (11) for 570 gold pieces
 29951 | D        | Bought a condenser vane (2/2) for 380 gold pieces
 30438 | D        | Noticed an ancient lich
 30450 | D        | Killed an ancient lich
 30978 | D        | Bought a faintly glowing cloak for 408 gold pieces
 30978 | D        | Identified the +1 cloak "Butt" {rF- Dex+4 SInv} (You bought
                  | it in a shop in the Dungeon)
 31648 | D        | Noticed an ancient lich
 31651 | D        | Killed an ancient lich
 31651 | D        | Reached skill level 27 in Stealth
 31651 | D        | Reached XP level 22. HP: 58/279 MP: 36/56
 31658 | D        | Reached skill level 5 in Transmutations
 32116 | D        | Bought 2 potions of brilliance for 232 gold pieces
 33282 | D        | Noticed an ancient lich
 33284 | D        | Noticed an orb of fire
 33285 | D        | Killed an ancient lich
 33287 | D        | Killed an orb of fire
 33289 | D        | Reached skill level 15 in Transmutations
 33299 | D        | Noticed a greater mummy
 33302 | D        | Killed a greater mummy
 34272 | D        | Noticed Vorupsac the pandemonium lord
 34294 | D        | Killed Vorupsac the pandemonium lord
 34494 | D        | Got a golden rune of Zot
 34910 | D        | Got an iron rune of Zot
 34912 | D        | Got the ring "Bulet" {Dex+5 SInv Stlth+}
 34925 | D        | Got the amulet of Law {Reflect Int+4 Slay+3 SH+5}
 35995 | D        | Got the Orb of Zot
 36069 | D        | Escaped with the Orb!

Illustrated notes

Levels and vault maps discovered:
D:        pitsprint [storerooms_1, entrance_room_1, metal_vault_4, armoury_2,
          mini_pit_1, grid_room_1, main_hall_1, silver_pit, the_coven_1,
          the_vestibule_1, steel_vault_5, golden_pit, hallway_of_sentries,
          crystal_vault_6, iron_vault_2, final_vault]

Skill      XL: |  1  2  3  4  5  6  7  8  9 10 11 12 13 14 15 16 17 18 19 20 21 22 |
---------------+-------------------------------------------------------------------+-----
Spellcasting   | 2 4 7 8 10 11 13 15 17 19 23 27 | 27.0
Earth Magic    | 6 11 13 14 16 18 20 22 24 27 | 27.0
Conjurations   | 2 14 22 27 | 27.0
Evocations     | 1 13 27 | 27.0
Dodging        | 3 6 21 27 | 27.0
Fighting       | 1 14 22 27 | 27.0
Shields        | 2 13 21 27 | 27.0
Bows           | 3 |  3.6
Armour         | 17 27 | 27.0
Necromancy     | 23 27 | 27.0
Stealth        | 27 | 27.0
Transmutations | 3 25 | 25.6

Action                   |  1- 3 |  4- 6 |  7- 9 | 10-12 | 13-15 | 16-18 | 19-21 | 22-24 || total
-------------------------+-------+-------+-------+-------+-------+-------+-------+-------++-------
Melee: Quarterstaff      |     9 |     2 |    16 |     2 |     1 |       |       |       ||    30
       Staff             |       |       |       |       |       |       |     3 |       ||     3
 Cast: Sandblast         |     8 |     1 |       |     1 |       |       |       |       ||    10
       Stone Arrow       |       |     6 |       |       |       |       |     3 |       ||     9
       Petrify           |       |     2 |       |       |       |     6 |       |     1 ||     9
       Lee's Rapid Decon |       |     8 |    27 |    97 |   215 |   117 |   268 |    51 ||   783
       Shatter           |       |       |       |       |       |    31 |    19 |     6 ||    56
       Statue Form       |       |       |       |       |       |       |     1 |       ||     1
       Iron Shot         |       |       |       |       |       |       |    10 |    14 ||    24
       Borgnjor's Vile C |       |       |       |       |       |       |     2 |     5 ||     7
Invok: Call Merchant     |       |       |       |     4 |     4 |     1 |     9 |       ||    18
       Potion Petition   |       |       |       |       |       |       |     4 |     2 ||     6
 Abil: Heal Wounds       |       |       |       |       |       |       |     3 |    13 ||    16
Evoke: Box of beasts     |       |       |       |       |    12 |     6 |    11 |       ||    29
       Wand              |       |       |       |       |     1 |       |     1 |     2 ||     4
       Phial of floods   |       |       |       |       |       |     3 |     4 |       ||     7
       Lightning rod     |       |       |       |       |       |     4 |     4 |       ||     8
       Horn of Geryon    |       |       |       |       |       |       |     1 |       ||     1
  Use: Potion            |     1 |     4 |    10 |     4 |    15 |     9 |    40 |     2 ||    85
       Scroll            |       |     1 |       |       |     1 |       |     3 |     1 ||     6
Armor: Robe              |     2 |       |     5 |     5 |     7 |     2 |     2 |       ||    23
       Skin              |       |       |       |       |       |       |     2 |       ||     2
Dodge: Dodged            |     7 |     2 |    15 |    23 |    12 |    24 |    66 |     3 ||   152
Block: Buckler           |       |       |       |       |     2 |    25 |    41 |     2 ||    70
       Reflection        |       |       |       |       |       |     3 |     2 |       ||     5

Table legend: (Time is in decaauts) A = Elapsed time spent in this place. B = Non-inter-level travel time spent in this place. C = Inter-level travel time spent in this place. D = Time resting spent in this place. E = Time spent auto-exploring this place. F = Levels seen in this place. G = Mean time per level. A B C D E F G +--------+--------+--------+--------+--------+-----+--------+ Total | 35572 | 34800 | 772 | 28798 | 1393 | 1 | 35572.0 | Dungeon | 35572 | 34800 | 772 | 28798 | 1393 | 1 | 35572.0 | +--------+--------+--------+--------+--------+-----+--------+

Top non-repeatable levels by time:
       D: 35572 daAuts
